 Dungeon Crawl Stone Soup version 0.24-a0-584-g9d6b971ae4 (webtiles) character file.

Game seed: 12999471742196229694, levelgen mode: deterministic

56 Gynju the Magician (level 3, -1/19 HPs)
             Began as a Deep Elf Wizard on Sept 4, 2019.
             Slain by a worker ant (7 damage)
             ... on level 2 of the Dungeon.
             The game lasted 00:02:47 (1349 turns).

Gynju the Magician (Deep Elf Wizard)                Turns: 1349, Time: 00:02:48

Health: -1/19      AC:  2    Str:  4    XL:     3   Next: 69%
Magic:  2/12       EV: 13    Int: 23    God:
Gold:   61         SH:  0    Dex: 18    Spells: 8/13 levels left

rFire    . . .     SeeInvis .   (no weapon)
rCold    . . .     Gourm    .   (no shield)
rNeg     . . .     Faith    .   a - +0 robe
rPois    .         Spirit   .   b - +0 hat
rElec    .         Reflect  .   (no cloak)
rCorr    .         Harm     .   (no gloves)
MR       .....                  (no boots)
Stlth    +++.......             (no amulet)
HPRegen  0.06/turn              e - +5 ring of dexterity
MPRegen  0.13/turn              j - ring of stealth

@: no status effects
A: no striking features
a: no special abilities


You were on level 2 of the Dungeon.
You were not hungry.

You visited 1 branch of the dungeon, and saw 2 of its levels.

You collected 61 gold pieces.

Inventory:

Armour
 a - a +0 robe (worn)
 b - a +0 hat (worn)
Jewellery
 e - a +5 ring of dexterity (left hand)
 j - a ring of stealth (right hand)
Scrolls
 h - a scroll of remove curse {unknown}
 i - a scroll of blinking {unknown}
Potions
 c - a potion of lignification {unknown}
 f - a potion of heal wounds {unknown}
Comestibles
 d - 5 rations
 g - a chunk of flesh


   Skills:
 - Level 2.4 Dodging
 - Level 2.4 Stealth
 + Level 5.5 Spellcasting
 + Level 2.9 Conjurations
 - Level 1.1 Summonings
 - Level 1.1 Translocations


You had 8 spell levels left.
You knew the following spells:

 Your Spells              Type           Power        Failure   Level  Hunger
a - Magic Dart            Conj           ###.         2%          1    None
b - Blink                 Tloc           N/A          9%          2    None
c - Call Imp              Summ           ##......     9%          2    None

Your spell library contained the following spells:

 Spells                   Type           Power        Failure   Level  Hunger
 Slow                     Hex            #.......     14%         2    None
 Conjure Flame            Conj/Fire      ##......     14%         3    ##.....
 Mephitic Cloud           Conj/Pois/Air  ##......     19%         3    ##.....


Dungeon Overview and Level Annotations

Branches:
Dungeon (2/15)

Altars:


Message History

The magic dart hits the worker ant but does no damage.
The worker ant is heavily wounded.
The worker ant misses you.
Casting: Magic Dart (safe; 2% risk of failure)
Confirm with . or Enter, or press ? or * to list all spells.
Aiming: Magic Dart (safe; 2% risk of failure)
Press: ? - help, Shift-Dir - straight line, f/p - worker ant
Aim: a worker ant (heavily wounded)
The magic dart hits the worker ant.
The worker ant is heavily wounded.
The worker ant bites you.
Casting: Magic Dart (safe; 2% risk of failure)
Confirm with . or Enter, or press ? or * to list all spells.
Aiming: Magic Dart (safe; 2% risk of failure)
Press: ? - help, Shift-Dir - straight line, f/p - worker ant
Aim: a worker ant (heavily wounded)
The magic dart hits the worker ant.
The worker ant is severely wounded.
The worker ant bites you!
You die...

#..# #..# '... ..# ..#
#.# #+#####.#
#..#.a@#รท###
............#
##..#...###.# ...
#..####.###### .
##..#...........
#.........#.###.
#...#.##..#.###
#.............# #
..#.#.#.###.###.##.####


You could see a worker ant.

Vanquished Creatures
  A gnoll (D:1)
  2 adders (D:2)
  An ooze (D:2)
  A dart slug (D:2)
  2 giant cockroaches
  2 goblins
  A hobgoblin (D:2)
  4 jackals (D:1)
  4 bats
  A frilled lizard (D:1)
  3 rats
22 creatures vanquished.

Notes
Turn   | Place    | Note
-------+----------+-------------------------------------------
     0 | D:1      | Gynju the Deep Elf Wizard began the quest for the Orb.
     0 | D:1      | Reached XP level 1. HP: 10/10 MP: 7/7
   171 | D:1      | Reached XP level 2. HP: 7/15 MP: 1/9
   423 | D:1      | Reached skill level 5 in Spellcasting
   896 | D:1      | Learned a level 2 spell: Blink
   899 | D:1      | Learned a level 2 spell: Call Imp
  1042 | D:2      | Reached XP level 3. HP: 19/19 MP: 6/11
  1349 | D:2      | Slain by a worker ant

Levels and vault maps discovered:
D:1:      minmay_arrival_hallway, layout_rooms
D:2:      cheibrodos_helix_gallery, layout_loops_ring, minmay_fountain_box,
          uniq_sigmund

Skill      XL: |  1  2 |
---------------+-------+-----
Spellcasting   | 5 |  5.5
Conjurations   | 2 |  2.9
Dodging        | |  2.4
Stealth        | |  2.4
Summonings     | |  1.1
Translocations | |  1.1

Action                   || total
-------------------------++-------
Melee: Unarmed           ||     5
 Cast: Magic Dart        ||    76
  Eat: Chunk             ||     1
Armor: Robe              ||     4
Dodge: Dodged            ||    38

Table legend:
 A = Non-vault XP
 B = Vault XP
 C = Vault XP percentage of total XP
 D = Non-vault monster count
 E = Vault monster count
 F = Vault count percentage of total count
                 A         B        C        D         E       F
            +---------+---------+-------+---------+---------+-------
      Total |      80 |       0 |   0.0 |      22 |       0 |   0.0
            +---------+---------+-------+---------+---------+-------
        D:1 |      32 |       0 |   0.0 |      12 |       0 |   0.0
        D:2 |      48 |       0 |   0.0 |      10 |       0 |   0.0
            +---------+---------+-------+---------+---------+-------
